 Dungeon Crawl Stone Soup version 0.16.1-11-g651b585 (webtiles) character file.

4412 kobby the Covert (level 10, -2/72 HPs)
             Began as a Vampire Assassin on Mar 31, 2015.
             Was an Elder of Makhleb.
             Slain by a black mamba (12 damage)
             ... on level 8 of the Dungeon.
             The game lasted 00:37:56 (10148 turns).

kobby the Covert (Vampire Assassin)                Turns: 10148, Time: 00:37:57

Health: -2/72      AC: 10    Str: 10    XL:     10   Next: 14%
Magic:  10/10      EV: 21    Int: 13    God:    Makhleb [****..]
Gold:   496        SH:  5    Dex: 18    Spells: 0 memorised, 9 levels left

rFire  + . .     SeeInvis +     n - +2 dagger (venom)
rCold  . . .     Clarity  .     x - +2 robe {rF+}
rNeg   + . .     SustAb   .     l - +0 buckler
rPois  .         Gourm    .     (no helmet)
rElec  .         Spirit   .     d - +2 cloak
rCorr  .         Warding  .     (no gloves)
rMut   .         Stasis   .     h - +2 pair of boots
MR     +....                    v - amulet of rage
Stlth  ++++++....               (no ring)
                                i - ring of positive energy

@: lethally poisoned (-2 -> -7), regenerating quickly, somewhat resistant to
hostile enchantments, very stealthy
A: bottle blood, fangs 3, see invisible, unbreathing
a: Minor Destruction, Lesser Servant of Makhleb, Major Destruction, Renounce
Religion, Evoke Berserk Rage


You were on level 8 of the Dungeon.
You worshipped Makhleb.
Makhleb was greatly pleased with you.
You were full.

You visited 2 branches of the dungeon, and saw 9 of its levels.

You collected 496 gold pieces.

Inventory:

Hand weapons
 b - a +0 blowgun
 n - a +2 dagger of venom (weapon)
 o - a +2 short sword of freezing
 p - a +0 short sword of venom
 y - a +0 flail
Missiles
 e - 37 poisoned needles
 f - 2 curare-tipped needles
Armour
 a - the +5 gold dragon armour of Shielding {rPois rF+ rC+ Int+4 Dex+4 Slay-4}
   (You found it on level 5 of the Dungeon)

   It affects your intelligence (+4).
   It affects your dexterity (+4).
   It affects your accuracy and damage with ranged weapons and melee attacks
   (-4).
   It protects you from fire.
   It protects you from cold.
   It protects you from poison.
 d - a +2 cloak (worn)
 h - a +2 pair of boots (worn)
 l - a +0 buckler (worn)
 r - a +0 robe of cold resistance
 x - a +2 robe of fire resistance (worn)
Jewellery
 i - a ring of positive energy (left hand)
 m - an uncursed ring of flight
 u - an uncursed ring of positive energy
 v - an amulet of rage (around neck)
Scrolls
 c - 4 scrolls of remove curse
 w - 2 scrolls of blinking {unknown}
 z - a scroll of identify
Potions
 g - 10 potions of blood
 k - 5 potions of curing {unknown}
 q - 3 potions of haste {unknown}
 s - a potion of magic {unknown}
Books
 t - a book of Frost

   Spells                             Type                      Level
   a - Freeze                         Ice                          1
   b - Throw Frost                    Conjuration/Ice              2
   c - Ozocubu's Armour               Charms/Ice                   3
   d - Throw Icicle                   Conjuration/Ice              4
   e - Summon Ice Beast               Ice/Summoning                4
   f - Condensation Shield            Ice                          4
Miscellaneous
 j - a plain deck of war {drawn: 1}


   Skills:
 + Level 4.2 Fighting
 + Level 5.7 Short Blades
 + Level 2.1 Throwing
 + Level 10.8 Dodging
 + Level 12.4 Stealth
 + Level 4.0 Shields


You had 9 spell levels left.
You didn't know any spells.

Dungeon Overview and Level Annotations

Branches:
Dungeon (8/15)             Temple (0/1) D:4            Lair (1/8) D:8

Altars:
Fedhas
Makhleb
Nemelex Xobeh
Qazlal
Ru
Sif Muna
Trog
The Shining One

Shops:
D:6 (


Innate Abilities, Weirdness & Mutations

Your natural rate of healing is unusually fast.
You can bottle blood from corpses.
You have razor-sharp teeth.
You have supernaturally acute eyesight.
You can survive without breathing.


Message History

You hit the giant frog.
You kill the giant frog!
Makhleb accepts your kill.
You feel a little better. The black mamba misses you. The wolf misses you.
The black mamba closely misses you.
You barely miss the wolf.
The wolf is moderately wounded.
The wolf completely misses you. You block the black mamba's attack.
The wolf closely misses you.
You hit the wolf but do no damage.
The wolf is poisoned.
You bite the wolf.
The wolf is moderately wounded.
The black mamba bites you! The wolf bites you.
You block the black mamba's attack. The wolf completely misses you.
The black mamba bites you!!
* * * LOW HITPOINT WARNING * * *
You are poisoned.
The black mamba poisons you!
You feel sick. The wolf misses you. The wolf misses you.
The black mamba bites you!
You die...

#.# #######'##### #.##
##.%.### #..# ###.....P###
##.## ##..........## #..###
#P.PP.P......#
#....###.......P....##
#....##P.P.P.P...P...#
#.......P.P.####P..(.#
#....#...P..#.S@...P.##
#....##.PP..#>h#P..P..#
#....##..PPP####.P....#
####.##....PP...)..P..#######
#..##...P...P............#
##.##..P.P........######.#
#.##...P...P.P.#.# ####.#
#.##....(...P....# #....##
#..#...........#####.##..#


You could see a black mamba and a wolf.

Vanquished Creatures
  A hill giant (D:7)
  Maurice (D:8)
  A two-headed ogre (D:8)
  A deep elf mage (D:6)
  2 hippogriffs
  2 wyverns
  A deep elf fighter (D:8)
  2 orc warriors (D:6)
  2 sky beasts (D:7)
  A black bear (D:4)
  A phantom (D:7)
  3 ogres
  A crocodile (D:8)
  Sigmund (D:6)
  3 giant frogs
  8 wights
  4 crimson imps
  A centaur zombie (D:6)
  2 giant frog zombies
  2 goliath beetles
  2 orc priests (D:7)
  An iguana (D:5)
  A giant frog skeleton (D:6)
  2 hounds
  6 orc wizards
  3 worker ants
  A hound skeleton (D:8)
  A worker ant zombie (D:7)
  9 gnolls
  17 adders
  A river rat (D:8)
  A giant mite (D:5)
  3 worms
  24 orcs
  A bat skeleton (D:5)
  7 giant cockroaches
  11 hobgoblins
  4 jackals (D:4)
  9 kobolds
  4 quokkas
  20 bats
  4 giant geckos
  2 giant gecko skeletons
  3 giant newts
  15 goblins
  28 rats
  A fungus (D:8)
221 creatures vanquished.

Notes
Turn   | Place    | Note
--------------------------------------------------------------
     0 | D:1      | kobby, the Vampire Assassin, began the quest for the Orb.
     0 | D:1      | Reached XP level 1. HP: 16/16 MP: 1/1
    32 | D:1      | Reached skill level 6 in Stealth
   357 | D:1      | Reached XP level 2. HP: 22/22 MP: 2/2
   840 | D:2      | Reached XP level 3. HP: 27/27 MP: 3/3
   887 | D:2      | Found a stormy altar of Qazlal.
  1161 | D:2      | Found a blossoming altar of Fedhas.
  1248 | D:2      | Reached skill level 7 in Stealth
  1584 | D:2      | Reached XP level 4. HP: 33/33 MP: 4/4
  2424 | D:3      | Reached XP level 5. HP: 26/38 MP: 5/5
  2580 | D:3      | Found a sparkling altar of Nemelex Xobeh.
  2768 | D:3      | Found a burning altar of Makhleb.
  2772 | D:3      | Reached skill level 1 in Shields
  2775 | D:3      | Became a worshipper of Makhleb the Destroyer
  2817 | D:3      | Reached skill level 8 in Stealth
  2819 | D:3      | Reached XP level 6. HP: 31/46 MP: 6/6
  2997 | D:3      | Found a glowing golden altar of the Shining One.
  3156 | D:4      | Found a staircase to the Ecumenical Temple.
  3816 | D:4      | Found a sacrificial altar of Ru.
  3940 | D:4      | Acquired Makhleb's first power
  4141 | D:4      | Reached skill level 5 in Dodging
  4225 | D:4      | Reached XP level 7. HP: 51/51 MP: 7/7
  4398 | D:4      | Found a bloodstained altar of Trog.
  4991 | D:5      | Entered Level 5 of the Dungeon
  5450 | D:5      | Reached skill level 9 in Stealth
  5513 | D:5      | Got an aquamarine-encrusted gold dragon armour
  5524 | D:5      | Identified the +5 gold dragon armour of Shielding {rPois rF+ rC+ Int+4 Dex+4 Slay-4} (You found it on level 5 of the Dungeon)
  5674 | D:5      | Acquired Makhleb's second power
  5771 | D:5      | Noticed a wyvern
  5776 | D:5      | Killed a wyvern
  5905 | D:5      | Reached XP level 8. HP: 58/58 MP: 8/8
  6666 | D:6      | Found a blossoming altar of Fedhas.
  6822 | D:6      | Reached skill level 10 in Stealth
  6997 | D:6      | Found Prexketu's Weapon Shop.
  7135 | D:6      | Noticed Sigmund
  7152 | D:6      | Killed Sigmund
  7299 | D:6      | Reached skill level 11 in Stealth
  7304 | D:6      | Found a deep blue altar of Sif Muna.
  7612 | D:6      | Acquired Makhleb's third power
  8334 | D:7      | Reached XP level 9. HP: 37/64 MP: 9/9
  8512 | D:7      | Noticed a hill giant
  8581 | D:7      | Killed a hill giant
  8581 | D:7      | Reached skill level 5 in Short Blades
  8581 | D:7      | Reached skill level 12 in Stealth
  9231 | D:8      | Acquired Makhleb's fourth power
  9367 | D:8      | Found a staircase to the Lair.
  9490 | D:8      | Noticed Maurice
  9520 | D:8      | Reached skill level 10 in Dodging
  9534 | D:8      | Killed Maurice
  9569 | D:8      | Reached XP level 10. HP: 71/71 MP: 10/10
 10077 | Lair:1   | Entered Level 1 of the Lair of Beasts
 10116 | Lair:1   | Noticed a black mamba
 10148 | D:8      | Slain by a black mamba

Action                   |  1- 3 |  4- 6 |  7- 9 | 10-12 || total
-------------------------+-------+-------+-------+-------++-------
Melee: Dagger            |   100 |   251 |   550 |    98 ||   999
 Fire: Blowgun           |       |       |     8 |       ||     8
 Abil: End Transformatio |       |       |     3 |       ||     3
       Bat Form          |       |       |     3 |       ||     3
Evoke: Deck              |       |       |     1 |       ||     1
  Use: Potion            |     4 |    12 |    11 |     2 ||    29
       Scroll            |     3 |     4 |     8 |       ||    15
 Stab: Sleeping          |    11 |     5 |    23 |     2 ||    41
       Distracted        |       |     1 |     1 |       ||     2
  Eat: Corpse            |       |     1 |     7 |       ||     8
